Blackhawks vs Devils

Created - November 9, 2019 at 20:40

Goals
1 2 3 T
Blackhawks 3 3 0 6
Devils 1 1 0 2
Shots
1 2 3 T
Blackhawks 6 20 4 30
Devils 9 13 10 32

1st period

1. Blackhawks , Chris Kreider 6 (Hampus Lindholm 2, Gabriel Bourque 2) at 3:46
2. Blackhawks , Mike Green 1 (Derick Brassard 9, Rick Nash 10) at 4:34 (PP)
3. Devils , Tyler Bozak 2 (Ladislav Smid 4) at 6:08
4. Blackhawks , Rick Nash 1 (Derick Brassard 10) at 16:18

Penalties :
Jaden Schwartz (NJD) for Slashing (Minor) at 4:10, Rick Nash (Chi) for Hooking (Minor) at 10:36

2nd period

5. Blackhawks , Derick Brassard 8 (Mike Green 4) at 2:15
6. Blackhawks , Antoine Roussel 4 (Rick Nash 11, Derick Brassard 11) at 5:31
7. Devils , Ryan Johansen 2 (Johnny Gaudreau 6, Nikita Kucherov 5) at 9:40
8. Blackhawks , Derick Brassard 9 (Joni Pitkanen 3, Kevin Marshall 1) at 18:57

Penalties :
Derick Brassard (Chi) for Roughing (Minor) at 15:48

3rd period

No Goal

Penalties :
Jaden Schwartz (NJD) for Tripping (Minor) at 3:54, Nikita Kucherov (NJD) for Roughing (Minor) at 13:02, Erik Christensen (Chi) for Holding (Minor) at 16:51

Goalie Stats

Jimmy Howard (Chi), 30 saves from 32 shots - (0.938), W, 3-6-0, 60:00 minutes
John Gibson (NJD), 5 saves from 9 shots - (0.556), L, 3-1-1, 22:15 minutes
Keith Kinkaid (NJD), 19 saves from 21 shots - (0.905), 37:45 minutes

Players Stats for Blackhawks

Player Name              G  A  P  +/- PIM S  H  SB GA TA FO     MP     PP MP  PK MP  
------------------------------------------------------------------------------------
Antoine Roussel          1  0  1   2  0   3  3  1  0  0  1/2    16:36   1:38   0:00 
Bobby Ryan               0  0  0   1  0   0  2  0  0  0  0/0    15:01   1:38   0:00 
Brandon Yip              0  0  0  -1  0   1  4  0  0  0  2/2    13:28   0:03   2:17 
Chris Kreider            1  0  1   1  0   6  2  1  3  1  1/2    18:55   2:41   2:38 
David Jones              0  0  0   0  0   1  1  0  0  0  0/0     8:49   0:00   0:00 
Derick Brassard          2  3  5   3  2   4  2  0  0  0  13/29  20:54   2:41   2:00 
Erik Christensen         0  0  0   2  2   2  1  0  2  0  5/11   17:16   1:38   1:21 
Gabriel Bourque          0  1  1   0  0   1  1  1  0  1  0/0     9:26   0:00   0:37 
Hampus Lindholm          0  1  1   1  0   2  2  0  0  0  0/0    13:33   1:54   0:00 
Joni Pitkanen            0  1  1   1  0   2  1  2  0  1  0/0    24:38   1:54   2:22 
Kevin Marshall           0  1  1   2  0   1  1  2  0  1  0/0    15:38   0:00   2:22 
Matthew Spiller          0  0  0   1  0   1  0  0  1  0  0/0    20:50   0:00   3:35 
Mike Green               1  1  2   0  0   1  2  1  0  2  0/0    25:44   2:28   3:35 
Nathan MacKinnon         0  0  0   0  0   0  0  0  0  0  1/2     9:08   0:03   0:00 
Peter Regin              0  0  0  -1  0   0  2  1  0  0  3/7    12:11   0:03   0:53 
Rick Nash                1  2  3   3  2   4  0  0  1  2  0/4    21:02   2:41   2:08 
Seth Jones               0  0  0   1  0   0  2  1  0  0  0/0    19:37   2:28   0:00 
Tomas Fleischmann        0  0  0  -1  0   1  1  1  0  0  0/1    11:14   0:00   0:00 

Players Stats for Devils

Player Name              G  A  P  +/- PIM S  H  SB GA TA FO     MP     PP MP  PK MP  
------------------------------------------------------------------------------------
Anthony Stewart          0  0  0   1  0   2  0  0  0  0  0/0     8:53   0:00   0:50 
Brandon Burlon           0  0  0   1  0   2  1  1  0  0  0/0    10:43   0:00   0:00 
Cody Hodgson             0  0  0   0  0   1  0  0  0  0  2/4    10:11   0:00   0:00 
Jaden Schwartz           0  0  0  -2  4   3  3  1  0  0  0/1    21:31   3:04   0:26 
Johnny Gaudreau          0  1  1  -2  0   4  2  0  0  0  0/0    17:11   2:53   0:54 
Kellan Lain              0  0  0   0  0   0  0  0  0  0  0/0    10:31   0:00   0:03 
Ladislav Smid            0  1  1   0  0   0  3  0  0  0  0/0    17:02   0:00   2:42 
Marian Hossa             0  0  0   0  0   2  1  0  0  0  0/0    10:11   0:00   0:00 
Nikita Kucherov          0  1  1  -3  2   0  0  2  0  0  1/2    17:37   3:04   0:00 
Pernell Karl Subban      0  0  0  -1  0   1  1  0  0  3  0/0    24:39   2:51   2:42 
Rostislav Olesz          0  0  0   1  0   3  1  0  0  0  0/0    10:43   0:00   2:40 
Ryan Johansen            1  0  1  -3  0   1  1  0  0  1  8/21   20:18   3:04   2:40 
Shea Weber               0  0  0  -3  0   2  2  0  1  1  0/0    23:49   3:06   0:00 
Tobias Enstrom           0  0  0   0  0   0  0  0  2  0  0/0    19:09   2:51   1:40 
Travis Hamonic           0  0  0  -3  0   1  1  2  1  2  0/0    24:38   3:06   1:40 
Tyler Bozak              1  0  1   1  0   3  0  0  0  0  2/2     9:12   0:00   0:52 
Tyler Seguin             0  0  0  -1  0   3  3  0  1  0  20/28  19:48   2:53   0:19 
Viktor Arvidsson         0  0  0  -1  0   4  3  1  3  0  1/2    19:29   2:53   0:00 

3 Stars

1 - Derick Brassard (Chi)
2 - Rick Nash (Chi)
3 - Antoine Roussel (Chi)

Power Play

Blackhawks - 1 on 3 Attempt(s) - 33.33%
Devils - 0 on 3 Attempt(s) - 0.00%

Penalty Kill

Blackhawks - 3 on 3 Attempt(s) - 100.00% - Score 0 goal in Penalty Kill
Devils - 2 on 3 Attempt(s) - 66.67% - Score 0 goal in Penalty Kill

Team Stat

Blackhawks - Hits : 27 - Faceoff Wins : 26 - Blocked Shots : 11 - Penalty Minutes : 6
Devils - Hits : 22 - Faceoff Wins : 34 - Blocked Shots : 7 - Penalty Minutes : 6

Official

Referees : Unknown
Linesman : Unknown

Game Notes

Keith Kinkaid enters game at 2:15 of 2nd period

Finance

Level 1 -- Attendance: 4891 (81.52%) -- Ticket Income $538,010
Level 2 -- Attendance: 4337 (86.74%) -- Ticket Income $303,590
Level 3 -- Attendance: 1444 (72.20%) -- Ticket Income $66,424
Level 4 -- Attendance: 4000 (100.00%) -- Ticket Income $120,000
Luxury Box -- Attendance: 997 (99.70%) -- Ticket Income $179,460
Game was played at the The prudential Center.
Total Attendance: 15669 (87.05%)
Total Ticket Income: $1,207,484
Other Income: $181,123
Total Income: $1,388,607

Blackhawks

5 vs 5 Forward 
   Center                   Left Wing                Right Wing               Time % Phy DF OF 
 1 Derick Brassard          Antoine Roussel          Rick Nash                40     1   2  2  
 2 Erik Christensen         Chris Kreider            Bobby Ryan               30     1   2  2  
 3 Peter Regin              Tomas Fleischmann        Brandon Yip              20     1   2  2  
 4 Nathan MacKinnon         Gabriel Bourque          David Jones              10     1   2  2  

5 vs 5 Defense 
   Defense                  Defense                                           Time % Phy DF OF 
 1 Mike Green               Joni Pitkanen                                     40     1   2  2  
 2 Matthew Spiller          Seth Jones                                        30     1   2  2  
 3 Kevin Marshall           Hampus Lindholm                                   20     1   2  2  
 4 Mike Green               Joni Pitkanen                                     10     1   2  2  

PowerPlay Forward 
   Center                   Left Wing                Right Wing               Time % Phy DF OF 
 1 Derick Brassard          Chris Kreider            Rick Nash                60     1   2  2  
 2 Erik Christensen         Antoine Roussel          Bobby Ryan               40     1   2  2  

PowerPlay Defense
   Defense                  Defense                                           Time % Phy DF OF 
 1 Mike Green               Seth Jones                                        60     1   2  2  
 2 Joni Pitkanen            Hampus Lindholm                                   40     1   2  2  

Penalty Kill 4 Players Forward 
   Center                   Wing                     Time % Phy DF OF 
 1 Derick Brassard          Rick Nash                60     1   2  2  
 2 Peter Regin              Chris Kreider            40     1   2  2  

Penalty Kill 4 Players Defense
   Defense                  Defense                  Time % Phy DF OF 
 1 Mike Green               Matthew Spiller          60     1   2  2  
 2 Joni Pitkanen            Kevin Marshall           40     1   2  2  

Penalty Kill - 3 Players Forward 
   Forward                                           Time % Phy DF OF 
 1 Derick Brassard                                   60     1   2  2  
 2 Peter Regin                                       40     1   2  2  

Penalty Kill - 3 Players Defense
   Defense                  Defense                  Time % Phy DF OF 
 1 Mike Green               Matthew Spiller          60     1   2  2  
 2 Joni Pitkanen            Kevin Marshall           40     1   2  2  

4 vs 4 Forward 
   Center                   Wing                     Time % Phy DF OF 
 1 Derick Brassard          Chris Kreider            60     1   2  2  
 2 Nathan MacKinnon         Rick Nash                40     1   2  2  

4 vs 4 Defense
   Defense                  Defense                  Time % Phy DF OF 
 1 Mike Green               Seth Jones               60     1   2  2  
 2 Matthew Spiller          Joni Pitkanen            40     1   2  2  

Last Minutes Offensive
   Center                   Left Wing                Right Wing               Defense                  Defense                  
   Derick Brassard          Chris Kreider            Rick Nash                Mike Green               Seth Jones               

Last Minutes Defensive
   Center                   Left Wing                Right Wing               Defense                  Defense                  
   Derick Brassard          Chris Kreider            Rick Nash                Mike Green               Joni Pitkanen            

Goaltenders
Starting : Jimmy Howard             
Backup : Ray Emery                

Extra Forwards
Normal : Tomas Fleischmann, Brandon Yip, David Jones - PP : Nathan MacKinnon, Peter Regin - PK : Brandon Yip
Extra Defensemen
Normal : Kevin Marshall, Seth Jones, Hampus Lindholm - PP : Kevin Marshall - PK : Seth Jones, Hampus Lindholm
Penalty Shots
Derick Brassard, Mike Green, Peter Regin, Rick Nash, Brandon Yip

Scratches
None

Devils

5 vs 5 Forward 
   Center                   Left Wing                Right Wing               Time % Phy DF OF 
 1 Tyler Seguin             Jaden Schwartz           Viktor Arvidsson         40     1   2  2  
 2 Ryan Johansen            Johnny Gaudreau          Nikita Kucherov          30     1   2  2  
 3 Cody Hodgson             Kellan Lain              Marian Hossa             20     1   2  2  
 4 Tyler Bozak              Rostislav Olesz          Anthony Stewart          10     1   2  2  

5 vs 5 Defense 
   Defense                  Defense                                           Time % Phy DF OF 
 1 Travis Hamonic           Shea Weber                                        40     1   2  2  
 2 Tobias Enstrom           Pernell Karl Subban                               30     1   2  2  
 3 Ladislav Smid            Brandon Burlon                                    20     1   2  2  
 4 Ladislav Smid            Pernell Karl Subban                               10     1   2  2  

PowerPlay Forward 
   Center                   Left Wing                Right Wing               Time % Phy DF OF 
 1 Tyler Seguin             Johnny Gaudreau          Viktor Arvidsson         60     1   2  2  
 2 Ryan Johansen            Jaden Schwartz           Nikita Kucherov          40     1   2  2  

PowerPlay Defense
   Defense                  Defense                                           Time % Phy DF OF 
 1 Travis Hamonic           Shea Weber                                        60     1   2  2  
 2 Tobias Enstrom           Pernell Karl Subban                               40     1   2  2  

Penalty Kill 4 Players Forward 
   Center                   Wing                     Time % Phy DF OF 
 1 Ryan Johansen            Rostislav Olesz          60     1   2  2  
 2 Tyler Bozak              Jaden Schwartz           40     1   2  2  

Penalty Kill 4 Players Defense
   Defense                  Defense                  Time % Phy DF OF 
 1 Ladislav Smid            Pernell Karl Subban      60     1   2  2  
 2 Tobias Enstrom           Travis Hamonic           40     1   2  2  

Penalty Kill - 3 Players Forward 
   Forward                                           Time % Phy DF OF 
 1 Jaden Schwartz                                    60     1   2  2  
 2 Rostislav Olesz                                   40     1   2  2  

Penalty Kill - 3 Players Defense
   Defense                  Defense                  Time % Phy DF OF 
 1 Travis Hamonic           Shea Weber               60     1   2  2  
 2 Tobias Enstrom           Pernell Karl Subban      40     1   2  2  

4 vs 4 Forward 
   Center                   Wing                     Time % Phy DF OF 
 1 Cody Hodgson             Johnny Gaudreau          60     1   2  2  
 2 Ryan Johansen            Jaden Schwartz           40     1   2  2  

4 vs 4 Defense
   Defense                  Defense                  Time % Phy DF OF 
 1 Tobias Enstrom           Ladislav Smid            60     1   2  2  
 2 Travis Hamonic           Shea Weber               40     1   2  2  

Last Minutes Offensive
   Center                   Left Wing                Right Wing               Defense                  Defense                  
   Tyler Seguin             Johnny Gaudreau          Viktor Arvidsson         Travis Hamonic           Shea Weber               

Last Minutes Defensive
   Center                   Left Wing                Right Wing               Defense                  Defense                  
   Ryan Johansen            Jaden Schwartz           Marian Hossa             Travis Hamonic           Shea Weber               

Goaltenders
Starting : John Gibson              
Backup : Keith Kinkaid            

Extra Forwards
Normal : Cody Hodgson, Johnny Gaudreau, Anthony Stewart - PP : Rostislav Olesz, Cody Hodgson - PK : Anthony Stewart
Extra Defensemen
Normal : Ladislav Smid, Brandon Burlon, Tobias Enstrom - PP : Ladislav Smid - PK : Brandon Burlon, Tobias Enstrom
Penalty Shots
Johnny Gaudreau, Nikita Kucherov, Viktor Arvidsson, Ryan Johansen, Tyler Seguin

Scratches
None


% Time on Ice - Blackhawks

Lines # - Real PCT - Wanted PCT - Time Play
Normal Forward
1 - 33% - 40% - 16:37
2 - 27% - 30% - 13:23
3 - 22% - 20% - 10:52
4 - 18% - 10% - 8:49
Normal Defense
1 - 35% - 40% - 17:32
2 - 38% - 30% - 18:42
3 - 23% - 20% - 11:18
4 - 4% - 10% - 2:09
PP Forward
1 - 63% - 60% - 2:44
2 - 37% - 40% - 1:38
PP Defense
1 - 56% - 60% - 2:28
2 - 44% - 40% - 1:54
PK Forward
1 - 88% - 60% - 5:15
2 - 12% - 40% - 0:42
PK Defense
1 - 60% - 60% - 3:35
2 - 40% - 40% - 2:22
PK3 Forward
1 - 0% - 60%
2 - 0% - 40%
PK3 Defense
1 - 0% - 60%
2 - 0% - 40%
44 Forward
1 - 0% - 60%
2 - 0% - 40%
44 Defense
1 - 0% - 60%
2 - 0% - 40%
Last Minute Offensive  - 0:00
Last Minute Defensive  - 0:00
Total
Forward - 60:00
Defense - 60:00

% Time on Ice - Devils

Lines # - Real PCT - Wanted PCT - Time Play
Normal Forward
1 - 33% - 40% - 16:36
2 - 30% - 30% - 14:51
3 - 20% - 20% - 10:11
4 - 16% - 10% - 8:03
Normal Defense
1 - 43% - 40% - 21:34
2 - 29% - 30% - 14:38
3 - 20% - 20% - 9:52
4 - 7% - 10% - 3:37
PP Forward
1 - 48% - 60% - 2:53
2 - 52% - 40% - 3:04
PP Defense
1 - 52% - 60% - 3:06
2 - 48% - 40% - 2:51
PK Forward
1 - 80% - 60% - 3:30
2 - 20% - 40% - 0:52
PK Defense
1 - 62% - 60% - 2:42
2 - 38% - 40% - 1:40
PK3 Forward
1 - 0% - 60%
2 - 0% - 40%
PK3 Defense
1 - 0% - 60%
2 - 0% - 40%
44 Forward
1 - 0% - 60%
2 - 0% - 40%
44 Defense
1 - 0% - 60%
2 - 0% - 40%
Last Minute Offensive  - 0:00
Last Minute Defensive  - 0:00
Total
Forward - 60:00
Defense - 60:00

Play-by-Play

1st period


0:01 of 1st period - Tyler Seguin wins face-off versus Derick Brassard in neutral zone.
2:11 of 1st period - Slapshot by Marian Hossa.
2:11 of 1st period - Deflect By Cody Hodgson.
2:11 of 1st period - Stopped by Jimmy Howard with a rebound.
2:23 of 1st period - Slapshot by Shea Weber.
2:23 of 1st period - Stopped by Jimmy Howard with a rebound.
3:01 of 1st period - Icing by Chris Kreider.
3:02 of 1st period - Tyler Seguin wins face-off versus Nathan MacKinnon in Blackhawks zone.
3:09 of 1st period - Snap shot by Viktor Arvidsson.
3:09 of 1st period - Stopped by Jimmy Howard with a rebound.
3:12 of 1st period - Icing by Hampus Lindholm.
3:13 of 1st period - Nathan MacKinnon wins face-off versus Tyler Seguin in Blackhawks zone.
3:21 of 1st period - Hampus Lindholm is hit by Jaden Schwartz and loses puck.
3:44 of 1st period - Slapshot by Chris Kreider.
3:44 of 1st period - Shot Misses the Net.
3:46 of 1st period - Wrist shot by Chris Kreider.
3:46 of 1st period - Goal by Chris Kreider - Blackhawks : 1 - Devils : 0.
3:47 of 1st period - Tyler Seguin wins face-off versus Erik Christensen in neutral zone.
4:10 of 1st period - Minor Penalty to Jaden Schwartz for Slashing.
4:11 of 1st period - Derick Brassard wins face-off versus Ryan Johansen in Devils zone.
4:20 of 1st period - Wrist shot by Chris Kreider.
4:20 of 1st period - Stopped by John Gibson with a rebound.
4:22 of 1st period - Slapshot by Mike Green.
4:22 of 1st period - Shot Misses the Net.
4:24 of 1st period - Wrist shot by Mike Green.
4:24 of 1st period - Deflect By Chris Kreider.
4:24 of 1st period - Shot Misses the Net.
4:24 of 1st period - Puck is out of play.
4:25 of 1st period - Derick Brassard wins face-off versus Ryan Johansen in Devils zone.
4:32 of 1st period - Wrist shot by Derick Brassard.
4:32 of 1st period - Shot Misses the Net.
4:34 of 1st period - Backhand shot by Mike Green.
4:34 of 1st period - Goal by Mike Green - Blackhawks : 2 - Devils : 0.
4:35 of 1st period - Erik Christensen wins face-off versus Ryan Johansen in neutral zone.
4:38 of 1st period - Snap shot by Mike Green.
4:38 of 1st period - Shot Hit the Post.
4:48 of 1st period - Snap shot by Ryan Johansen.
4:48 of 1st period - Shot Misses the Net.
5:30 of 1st period - Slapshot by Rostislav Olesz.
5:30 of 1st period - Shot Misses the Net.
5:32 of 1st period - Wrist shot by Tyler Bozak.
5:32 of 1st period - Stopped by Jimmy Howard without a rebound.
5:33 of 1st period - Tyler Bozak wins face-off versus Erik Christensen in Blackhawks zone.
5:34 of 1st period - Wrist shot by Anthony Stewart.
5:34 of 1st period - Stopped by Jimmy Howard with a rebound.
6:08 of 1st period - Wrist shot by Tyler Bozak.
6:08 of 1st period - Goal by Tyler Bozak - Blackhawks : 2 - Devils : 1.
6:09 of 1st period - Derick Brassard wins face-off versus Tyler Seguin in neutral zone.
7:47 of 1st period - Snap shot by Rick Nash.
7:47 of 1st period - Stopped by John Gibson without a rebound.
7:48 of 1st period - Erik Christensen wins face-off versus Ryan Johansen in Devils zone.
8:13 of 1st period - Derick Brassard is hit by Jaden Schwartz and loses puck.
9:17 of 1st period - Off-side.
9:18 of 1st period - Tyler Seguin wins face-off versus Derick Brassard in neutral zone.
9:21 of 1st period - Joni Pitkanen is hit by Tyler Seguin.
9:31 of 1st period - Travis Hamonic is hit by Antoine Roussel and loses puck.
10:07 of 1st period - Icing by Tyler Seguin.
10:08 of 1st period - Tyler Seguin wins face-off versus Chris Kreider in Devils zone.
10:12 of 1st period - Off-side.
10:13 of 1st period - Nikita Kucherov wins face-off versus Rick Nash in neutral zone.
10:36 of 1st period - Minor Penalty to Rick Nash for Hooking.
10:37 of 1st period - Tyler Seguin wins face-off versus Derick Brassard in Blackhawks zone.
10:38 of 1st period - Wrist shot by Johnny Gaudreau.
10:38 of 1st period - Shot Misses the Net.
12:36 of 1st period - Penalty to Rick Nash is over, Rick Nash is back on ice.
12:45 of 1st period - Off-side.
12:46 of 1st period - Peter Regin wins face-off versus Cody Hodgson in neutral zone.
12:53 of 1st period - Brandon Burlon is hit by Brandon Yip and loses puck.
13:10 of 1st period - Gabriel Bourque is hit by Ladislav Smid and loses puck.
13:21 of 1st period - Slapshot by Anthony Stewart.
13:21 of 1st period - Shot Blocked by Kevin Marshall.
13:30 of 1st period - Off-side.
13:31 of 1st period - Ryan Johansen wins face-off versus Derick Brassard in neutral zone.
13:45 of 1st period - Slapshot by Johnny Gaudreau.
13:45 of 1st period - Shot Misses the Net.
15:11 of 1st period - Wrist shot by Jaden Schwartz.
15:11 of 1st period - Stopped by Jimmy Howard with a rebound.
15:27 of 1st period - Bobby Ryan is hit by Rostislav Olesz and loses puck.
15:45 of 1st period - Icing by Tobias Enstrom.
15:46 of 1st period - Cody Hodgson wins face-off versus Peter Regin in Devils zone.
15:55 of 1st period - Slapshot by Kellan Lain.
15:55 of 1st period - Shot Misses the Net.
16:03 of 1st period - Kellan Lain is hit by Peter Regin and loses puck.
16:16 of 1st period - Snap shot by Tomas Fleischmann.
16:16 of 1st period - Stopped by John Gibson without a rebound.
16:17 of 1st period - Derick Brassard wins face-off versus Tyler Seguin in Devils zone.
16:18 of 1st period - Snap shot by Rick Nash.
16:18 of 1st period - Goal by Rick Nash - Blackhawks : 3 - Devils : 1.
16:19 of 1st period - Tyler Seguin wins face-off versus Derick Brassard in neutral zone.
16:46 of 1st period - Shea Weber is hit by Joni Pitkanen and loses puck.
17:11 of 1st period - Slapshot by Marian Hossa.
17:11 of 1st period - Stopped by Jimmy Howard with a rebound.
17:13 of 1st period - Snap shot by Kellan Lain.
17:13 of 1st period - Shot Blocked by Seth Jones.
17:15 of 1st period - Slapshot by Travis Hamonic.
17:15 of 1st period - Stopped by Jimmy Howard without a rebound.
17:16 of 1st period - Derick Brassard wins face-off versus Tyler Seguin in Blackhawks zone.
17:43 of 1st period - Mike Green is hit by Ladislav Smid and loses puck.
18:13 of 1st period - Bobby Ryan is hit by Johnny Gaudreau.
18:19 of 1st period - Kevin Marshall is hit by Ryan Johansen.
19:14 of 1st period - Cody Hodgson is hit by Chris Kreider and loses puck.
Goals for this period are 3 for Blackhawks vs 1 for Devils.
Shots for this period are 6 for Blackhawks vs 9 for Devils.

2nd period


0:01 of 2nd period - Tyler Seguin wins face-off versus Antoine Roussel in neutral zone.
0:14 of 2nd period - Snap shot by Viktor Arvidsson.
0:14 of 2nd period - Deflect By Jaden Schwartz.
0:14 of 2nd period - Stopped by Jimmy Howard with a rebound.
0:16 of 2nd period - Wrist shot by Tyler Seguin.
0:16 of 2nd period - Shot Blocked by Antoine Roussel.
0:26 of 2nd period - Travis Hamonic is hit by Erik Christensen and loses puck.
0:50 of 2nd period - Snap shot by Cody Hodgson.
0:50 of 2nd period - Shot Misses the Net.
1:02 of 2nd period - Marian Hossa is hit by Brandon Yip.
1:21 of 2nd period - Snap shot by Viktor Arvidsson.
1:21 of 2nd period - Shot Misses the Net.
1:23 of 2nd period - Slapshot by Pernell Karl Subban.
1:23 of 2nd period - Shot Misses the Net.
1:25 of 2nd period - Slapshot by Viktor Arvidsson.
1:25 of 2nd period - Stopped by Jimmy Howard without a rebound.
1:26 of 2nd period - Derick Brassard wins face-off versus Nikita Kucherov in Blackhawks zone.
1:26 of 2nd period - Derick Brassard is hit by Johnny Gaudreau.
1:36 of 2nd period - Wrist shot by Derick Brassard.
1:36 of 2nd period - Stopped by John Gibson with a rebound.
1:38 of 2nd period - Snap shot by Antoine Roussel.
1:38 of 2nd period - Stopped by John Gibson with a rebound.
1:40 of 2nd period - Wrist shot by Antoine Roussel.
1:40 of 2nd period - Shot Misses the Net.
1:42 of 2nd period - Slapshot by Hampus Lindholm.
1:42 of 2nd period - Deflect By Rick Nash.
1:42 of 2nd period - Shot Blocked by Nikita Kucherov.
1:42 of 2nd period - Puck is out of play.
1:43 of 2nd period - Tyler Seguin wins face-off versus Erik Christensen in Devils zone.
2:10 of 2nd period - Johnny Gaudreau is hit by Derick Brassard and loses puck.
2:15 of 2nd period - Wrist shot by Derick Brassard.
2:15 of 2nd period - Goal by Derick Brassard - Blackhawks : 4 - Devils : 1.
2:15 of 2nd period - Keith Kinkaid enters game.
2:16 of 2nd period - Tyler Seguin wins face-off versus Rick Nash in neutral zone.
2:28 of 2nd period - Joni Pitkanen is hit by Shea Weber and loses puck.
2:37 of 2nd period - Viktor Arvidsson is hit by Mike Green and loses puck.
3:14 of 2nd period - Snap shot by Kellan Lain.
3:14 of 2nd period - Shot Misses the Net.
3:16 of 2nd period - Wrist shot by Brandon Burlon.
3:16 of 2nd period - Stopped by Jimmy Howard with a rebound.
3:18 of 2nd period - Snap shot by Marian Hossa.
3:18 of 2nd period - Shot Misses the Net.
3:20 of 2nd period - Snap shot by Kellan Lain.
3:20 of 2nd period - Shot Blocked by Tomas Fleischmann.
3:22 of 2nd period - Slapshot by Ladislav Smid.
3:22 of 2nd period - Shot Misses the Net.
4:05 of 2nd period - Wrist shot by Johnny Gaudreau.
4:05 of 2nd period - Stopped by Jimmy Howard without a rebound.
4:06 of 2nd period - Erik Christensen wins face-off versus Ryan Johansen in Blackhawks zone.
4:06 of 2nd period - Erik Christensen is hit by Shea Weber.
4:13 of 2nd period - Wrist shot by Chris Kreider.
4:13 of 2nd period - Stopped by Keith Kinkaid without a rebound.
4:14 of 2nd period - Viktor Arvidsson wins face-off versus Erik Christensen in Devils zone.
4:31 of 2nd period - Slapshot by Jaden Schwartz.
4:31 of 2nd period - Shot Misses the Net.
4:49 of 2nd period - Slapshot by Rick Nash.
4:49 of 2nd period - Stopped by Keith Kinkaid without a rebound.
4:50 of 2nd period - Tyler Seguin wins face-off versus Rick Nash in Devils zone.
5:07 of 2nd period - Slapshot by Antoine Roussel.
5:07 of 2nd period - Stopped by Keith Kinkaid with a rebound.
5:23 of 2nd period - Wrist shot by Peter Regin.
5:23 of 2nd period - Shot Misses the Net.
5:25 of 2nd period - Wrist shot by Brandon Yip.
5:25 of 2nd period - Shot Misses the Net.
5:27 of 2nd period - Slapshot by Matthew Spiller.
5:27 of 2nd period - Stopped by Keith Kinkaid without a rebound.
5:28 of 2nd period - Derick Brassard wins face-off versus Ryan Johansen in Devils zone.
5:29 of 2nd period - Wrist shot by Rick Nash.
5:29 of 2nd period - Shot Misses the Net.
5:31 of 2nd period - Wrist shot by Antoine Roussel.
5:31 of 2nd period - Goal by Antoine Roussel - Blackhawks : 5 - Devils : 1.
5:32 of 2nd period - Derick Brassard wins face-off versus Jaden Schwartz in neutral zone.
5:41 of 2nd period - Wrist shot by Viktor Arvidsson.
5:41 of 2nd period - Shot Blocked by Mike Green.
5:43 of 2nd period - Slapshot by Tyler Seguin.
5:43 of 2nd period - Stopped by Jimmy Howard with a rebound.
5:45 of 2nd period - Slapshot by Tyler Seguin.
5:45 of 2nd period - Stopped by Jimmy Howard without a rebound.
5:46 of 2nd period - Ryan Johansen wins face-off versus Derick Brassard in Blackhawks zone.
5:47 of 2nd period - Snap shot by Johnny Gaudreau.
5:47 of 2nd period - Stopped by Jimmy Howard without a rebound.
5:48 of 2nd period - Ryan Johansen wins face-off versus Derick Brassard in Blackhawks zone.
5:59 of 2nd period - Wrist shot by Nikita Kucherov.
5:59 of 2nd period - Deflect By Johnny Gaudreau.
5:59 of 2nd period - Stopped by Jimmy Howard without a rebound.
6:00 of 2nd period - Tyler Seguin wins face-off versus Derick Brassard in Blackhawks zone.
6:31 of 2nd period - Snap shot by Chris Kreider.
6:31 of 2nd period - Stopped by Keith Kinkaid with a rebound.
6:33 of 2nd period - Snap shot by Erik Christensen.
6:33 of 2nd period - Shot Misses the Net.
6:35 of 2nd period - Wrist shot by Erik Christensen.
6:35 of 2nd period - Stopped by Keith Kinkaid without a rebound.
6:36 of 2nd period - Ryan Johansen wins face-off versus Derick Brassard in Devils zone.
7:01 of 2nd period - Jaden Schwartz is hit by Bobby Ryan and loses puck.
7:24 of 2nd period - Wrist shot by Ladislav Smid.
7:24 of 2nd period - Shot Blocked by Joni Pitkanen.
7:26 of 2nd period - Snap shot by Cody Hodgson.
7:26 of 2nd period - Shot Misses the Net.
8:37 of 2nd period - Hampus Lindholm is hit by Viktor Arvidsson and loses puck.
8:56 of 2nd period - Slapshot by Seth Jones.
8:56 of 2nd period - Shot Blocked by Travis Hamonic.
8:58 of 2nd period - Snap shot by Tomas Fleischmann.
8:58 of 2nd period - Deflect By Brandon Yip.
8:58 of 2nd period - Stopped by Keith Kinkaid with a rebound.
9:10 of 2nd period - Shea Weber is hit by Seth Jones.
9:31 of 2nd period - Derick Brassard is hit by Brandon Burlon and loses puck.
9:40 of 2nd period - Slapshot by Ryan Johansen.
9:40 of 2nd period - Goal by Ryan Johansen - Blackhawks : 5 - Devils : 2.
9:41 of 2nd period - Erik Christensen wins face-off versus Tyler Seguin in neutral zone.
9:56 of 2nd period - Mike Green is hit by Viktor Arvidsson.
10:12 of 2nd period - Off-side.
10:13 of 2nd period - Ryan Johansen wins face-off versus Peter Regin in neutral zone.
10:28 of 2nd period - Slapshot by Shea Weber.
10:28 of 2nd period - Stopped by Jimmy Howard without a rebound.
10:29 of 2nd period - Tyler Seguin wins face-off versus Derick Brassard in Blackhawks zone.
10:30 of 2nd period - Wrist shot by Viktor Arvidsson.
10:30 of 2nd period - Shot Misses the Net.
10:46 of 2nd period - Snap shot by Antoine Roussel.
10:46 of 2nd period - Shot Blocked by Viktor Arvidsson.
11:06 of 2nd period - Icing by Shea Weber.
11:07 of 2nd period - Antoine Roussel wins face-off versus Ryan Johansen in Devils zone.
11:56 of 2nd period - Backhand shot by Rostislav Olesz.
11:56 of 2nd period - Stopped by Jimmy Howard with a rebound.
12:04 of 2nd period - Wrist shot by Rostislav Olesz.
12:04 of 2nd period - Stopped by Jimmy Howard with a rebound.
12:06 of 2nd period - Wrist shot by Brandon Burlon.
12:06 of 2nd period - Stopped by Jimmy Howard without a rebound.
12:07 of 2nd period - Tyler Seguin wins face-off versus Rick Nash in Blackhawks zone.
12:36 of 2nd period - Off-side.
12:37 of 2nd period - Erik Christensen wins face-off versus Ryan Johansen in neutral zone.
12:44 of 2nd period - Snap shot by Chris Kreider.
12:44 of 2nd period - Stopped by Keith Kinkaid without a rebound.
12:45 of 2nd period - Derick Brassard wins face-off versus Ryan Johansen in Devils zone.
13:12 of 2nd period - Chris Kreider is hit by Tyler Seguin and loses puck.
13:35 of 2nd period - Snap shot by Tomas Fleischmann.
13:35 of 2nd period - Shot Misses the Net.
14:12 of 2nd period - Gabriel Bourque is hit by Jaden Schwartz and loses puck.
14:23 of 2nd period - Gabriel Bourque is hit by Viktor Arvidsson and loses puck.
14:42 of 2nd period - Hampus Lindholm is hit by Marian Hossa.
14:46 of 2nd period - Marian Hossa is hit by Kevin Marshall and loses puck.
15:20 of 2nd period - Wrist shot by Nathan MacKinnon.
15:20 of 2nd period - Shot Misses the Net.
15:22 of 2nd period - Snap shot by Hampus Lindholm.
15:22 of 2nd period - Shot Blocked by Brandon Burlon.
15:24 of 2nd period - Slapshot by Kevin Marshall.
15:24 of 2nd period - Stopped by Keith Kinkaid with a rebound.
15:38 of 2nd period - Wrist shot by Gabriel Bourque.
15:38 of 2nd period - Stopped by Keith Kinkaid with a rebound.
15:40 of 2nd period - Slapshot by Hampus Lindholm.
15:40 of 2nd period - Stopped by Keith Kinkaid without a rebound.
15:41 of 2nd period - Tyler Seguin wins face-off versus Derick Brassard in Devils zone.
15:41 of 2nd period - Tyler Seguin is hit by Antoine Roussel.
15:48 of 2nd period - Minor Penalty to Derick Brassard for Roughing.
15:49 of 2nd period - Brandon Yip wins face-off versus Tyler Seguin in Blackhawks zone.
16:15 of 2nd period - Johnny Gaudreau is hit by Mike Green and loses puck.
16:28 of 2nd period - Jaden Schwartz is hit by Brandon Yip and loses puck.
16:54 of 2nd period - Icing by Tyler Seguin.
16:55 of 2nd period - Brandon Yip wins face-off versus Viktor Arvidsson in Devils zone.
17:23 of 2nd period - Wrist shot by Erik Christensen.
17:23 of 2nd period - Shot Misses the Net.
17:48 of 2nd period - Penalty to Derick Brassard is over, Derick Brassard is back on ice.
18:03 of 2nd period - Snap shot by Ryan Johansen.
18:03 of 2nd period - Shot Misses the Net.
18:15 of 2nd period - Wrist shot by Derick Brassard.
18:15 of 2nd period - Shot Misses the Net.
18:17 of 2nd period - Slapshot by Kevin Marshall.
18:17 of 2nd period - Shot Misses the Net.
18:19 of 2nd period - Wrist shot by Rick Nash.
18:19 of 2nd period - Stopped by Keith Kinkaid with a rebound.
18:21 of 2nd period - Slapshot by Joni Pitkanen.
18:21 of 2nd period - Deflect By Derick Brassard.
18:21 of 2nd period - Stopped by Keith Kinkaid with a rebound.
18:23 of 2nd period - Slapshot by Joni Pitkanen.
18:23 of 2nd period - Stopped by Keith Kinkaid with a rebound.
18:39 of 2nd period - Snap shot by Joni Pitkanen.
18:39 of 2nd period - Stopped by Keith Kinkaid with a rebound.
18:41 of 2nd period - Snap shot by Kevin Marshall.
18:41 of 2nd period - Shot Blocked by Jaden Schwartz.
18:43 of 2nd period - Slapshot by Kevin Marshall.
18:43 of 2nd period - Shot Blocked by Nikita Kucherov.
18:51 of 2nd period - Snap shot by Derick Brassard.
18:51 of 2nd period - Shot Misses the Net.
18:53 of 2nd period - Slapshot by Kevin Marshall.
18:53 of 2nd period - Shot Misses the Net.
18:55 of 2nd period - Snap shot by Joni Pitkanen.
18:55 of 2nd period - Shot Misses the Net.
18:57 of 2nd period - Snap shot by Derick Brassard.
18:57 of 2nd period - Goal by Derick Brassard - Blackhawks : 6 - Devils : 2.
18:58 of 2nd period - Peter Regin wins face-off versus Cody Hodgson in neutral zone.
19:25 of 2nd period - Shea Weber is hit by David Jones and loses puck.
19:47 of 2nd period - Icing by Travis Hamonic.
19:48 of 2nd period - Cody Hodgson wins face-off versus Tomas Fleischmann in Devils zone.
Goals for this period are 3 for Blackhawks vs 1 for Devils.
Shots for this period are 20 for Blackhawks vs 13 for Devils.

3rd period


0:01 of 3rd period - Tyler Seguin wins face-off versus Derick Brassard in neutral zone.
1:11 of 3rd period - Slapshot by Anthony Stewart.
1:11 of 3rd period - Stopped by Jimmy Howard with a rebound.
1:13 of 3rd period - Wrist shot by Ladislav Smid.
1:13 of 3rd period - Shot Blocked by Gabriel Bourque.
1:15 of 3rd period - Slapshot by Pernell Karl Subban.
1:15 of 3rd period - Stopped by Jimmy Howard with a rebound.
1:17 of 3rd period - Snap shot by Rostislav Olesz.
1:17 of 3rd period - Stopped by Jimmy Howard without a rebound.
1:18 of 3rd period - Tyler Seguin wins face-off versus Derick Brassard in Blackhawks zone.
2:26 of 3rd period - Pernell Karl Subban is hit by Gabriel Bourque and loses puck.
3:30 of 3rd period - Snap shot by Marian Hossa.
3:30 of 3rd period - Stopped by Jimmy Howard with a rebound.
3:37 of 3rd period - Off-side.
3:38 of 3rd period - Derick Brassard wins face-off versus Tyler Seguin in neutral zone.
3:54 of 3rd period - Minor Penalty to Jaden Schwartz for Tripping.
3:55 of 3rd period - Chris Kreider wins face-off versus Ryan Johansen in Devils zone.
5:15 of 3rd period - Wrist shot by Tyler Seguin.
5:15 of 3rd period - Stopped by Jimmy Howard with a rebound.
5:33 of 3rd period - Travis Hamonic is hit by Chris Kreider and loses puck.
5:54 of 3rd period - Penalty to Jaden Schwartz is over, Jaden Schwartz is back on ice.
6:32 of 3rd period - Shea Weber is hit by Hampus Lindholm and loses puck.
7:09 of 3rd period - Rostislav Olesz is hit by Derick Brassard.
8:01 of 3rd period - Wrist shot by Tyler Bozak.
8:01 of 3rd period - Stopped by Jimmy Howard without a rebound.
8:02 of 3rd period - Tyler Bozak wins face-off versus Peter Regin in Blackhawks zone.
8:15 of 3rd period - Rostislav Olesz is hit by Tomas Fleischmann and loses puck.
8:43 of 3rd period - Kevin Marshall is hit by Tyler Seguin.
8:51 of 3rd period - Travis Hamonic is hit by Bobby Ryan.
9:43 of 3rd period - Icing by Bobby Ryan.
9:44 of 3rd period - Ryan Johansen wins face-off versus Erik Christensen in Blackhawks zone.
9:49 of 3rd period - Wrist shot by Nikita Kucherov.
9:49 of 3rd period - Shot Misses the Net.
11:04 of 3rd period - Snap shot by Derick Brassard.
11:04 of 3rd period - Shot Misses the Net.
11:16 of 3rd period - Tomas Fleischmann is hit by Ladislav Smid and loses puck.
11:43 of 3rd period - Snap shot by Hampus Lindholm.
11:43 of 3rd period - Shot Blocked by Travis Hamonic.
11:45 of 3rd period - Slapshot by Hampus Lindholm.
11:45 of 3rd period - Stopped by Keith Kinkaid with a rebound.
11:47 of 3rd period - Slapshot by David Jones.
11:47 of 3rd period - Stopped by Keith Kinkaid without a rebound.
11:48 of 3rd period - Ryan Johansen wins face-off versus Derick Brassard in Devils zone.
11:56 of 3rd period - Off-side.
11:57 of 3rd period - Derick Brassard wins face-off versus Ryan Johansen in neutral zone.
12:32 of 3rd period - Wrist shot by Johnny Gaudreau.
12:32 of 3rd period - Stopped by Jimmy Howard without a rebound.
12:33 of 3rd period - Tyler Seguin wins face-off versus Peter Regin in Blackhawks zone.
12:36 of 3rd period - Snap shot by Jaden Schwartz.
12:36 of 3rd period - Deflect By Tyler Seguin.
12:36 of 3rd period - Shot Blocked by Joni Pitkanen.
12:36 of 3rd period - Puck is out of play.
12:37 of 3rd period - Peter Regin wins face-off versus Tyler Seguin in Blackhawks zone.
12:37 of 3rd period - Peter Regin is hit by Travis Hamonic.
12:45 of 3rd period - Snap shot by Jaden Schwartz.
12:45 of 3rd period - Shot Blocked by Peter Regin.
13:02 of 3rd period - Minor Penalty to Nikita Kucherov for Roughing.
13:03 of 3rd period - Derick Brassard wins face-off versus Ryan Johansen in Devils zone.
13:15 of 3rd period - Wrist shot by Chris Kreider.
13:15 of 3rd period - Stopped by Keith Kinkaid without a rebound.
13:16 of 3rd period - Ryan Johansen wins face-off versus Derick Brassard in Devils zone.
13:29 of 3rd period - Slapshot by Derick Brassard.
13:29 of 3rd period - Deflect By Rick Nash.
13:29 of 3rd period - Shot Hit the Post.
13:29 of 3rd period - Puck is out of play.
13:30 of 3rd period - Derick Brassard wins face-off versus Ryan Johansen in Devils zone.
13:47 of 3rd period - Slapshot by Rostislav Olesz.
13:47 of 3rd period - Shot Hit the Post.
14:07 of 3rd period - Backhand shot by Seth Jones.
14:07 of 3rd period - Shot Misses the Net.
14:09 of 3rd period - Slapshot by Erik Christensen.
14:09 of 3rd period - Stopped by Keith Kinkaid with a rebound.
14:37 of 3rd period - Johnny Gaudreau is hit by Hampus Lindholm and loses puck.
15:02 of 3rd period - Penalty to Nikita Kucherov is over, Nikita Kucherov is back on ice.
15:14 of 3rd period - Pernell Karl Subban is hit by Seth Jones and loses puck.
15:29 of 3rd period - Shea Weber is hit by Peter Regin and loses puck.
16:34 of 3rd period - Slapshot by Viktor Arvidsson.
16:34 of 3rd period - Stopped by Jimmy Howard without a rebound.
16:35 of 3rd period - Tyler Seguin wins face-off versus Erik Christensen in Blackhawks zone.
16:36 of 3rd period - Snap shot by Jaden Schwartz.
16:36 of 3rd period - Deflect By Viktor Arvidsson.
16:36 of 3rd period - Stopped by Jimmy Howard with a rebound.
16:38 of 3rd period - Backhand shot by Jaden Schwartz.
16:38 of 3rd period - Shot Blocked by Kevin Marshall.
16:40 of 3rd period - Slapshot by Tobias Enstrom.
16:40 of 3rd period - Shot Blocked by Chris Kreider.
16:42 of 3rd period - Wrist shot by Viktor Arvidsson.
16:42 of 3rd period - Shot Misses the Net.
16:46 of 3rd period - Wrist shot by Jaden Schwartz.
16:46 of 3rd period - Stopped by Jimmy Howard with a rebound.
16:51 of 3rd period - Minor Penalty to Erik Christensen for Holding.
16:52 of 3rd period - Tyler Seguin wins face-off versus Derick Brassard in Blackhawks zone.
18:51 of 3rd period - Penalty to Erik Christensen is over, Erik Christensen is back on ice.
19:01 of 3rd period - Snap shot by Nathan MacKinnon.
19:01 of 3rd period - Shot Hit the Post.
19:07 of 3rd period - Gabriel Bourque is hit by Pernell Karl Subban and loses puck.
19:20 of 3rd period - Brandon Burlon is hit by Brandon Yip and loses puck.
19:33 of 3rd period - Brandon Burlon is hit by Antoine Roussel and loses puck.
Goals for this period are 0 for Blackhawks vs 0 for Devils.
Shots for this period are 4 for Blackhawks vs 10 for Devils.